 Dungeon Crawl Stone Soup version 0.28-a0-1624-g820543e53a (webtiles) character file.

Game seed: 1691409274510309515

133 issech the Cudgeller (level 4, -2/45 HPs)
             Began as a Troll Monk on Jan 23, 2022.
             Slain by an ogre (15 damage)
             ... on level 4 of the Dungeon.
             The game lasted 00:08:19 (2731 turns).

issech the Cudgeller (Troll Monk)                   Turns: 2731, Time: 00:08:20

Health: -2/45      AC:  4    Str: 19    XL:     4   Next: 93%
Magic:  3/3        EV: 10    Int:  6    God:
Gold:   138        SH:  5    Dex: 14    Spells: 3/3 levels left

rFire   . . .      SeeInvis +   a - +0 mace
rCold   . . .      Faith    .   (no shield)
rNeg    . . .      Spirit   .   b - +0 robe
rPois   .          Reflect  +   (helmet restricted)
rElec   .          Harm     .   (no cloak)
rCorr   .          Rampage  .   (gloves unavailable)
Will    .....                   (boots unavailable)
Stlth   ++........              t - amulet of reflection
HPRegen 0.95/turn               f - ring of see invisible
MPRegen 0.08/turn               (no ring)

@: no status effects
A: large, unfitting armour, claws 3, regeneration 1, shaggy fur 1, tough skin 1
a: no special abilities


You were on level 4 of the Dungeon.
You visited 1 branch of the dungeon, and saw 4 of its levels.

You collected 138 gold pieces.

Inventory:

Hand Weapons
 a - a +0 mace (weapon)
Missiles
 c - 124 stones (quivered)
 g - 38 bolts
 m - 10 arrows
 q - 8 poisoned darts
Armour
 b - a +0 robe (worn)
 l - a +0 animal skin
Magical Staves
 o - a staff of death
Jewellery
 f - a ring of see invisible (left claw)
 n - an amulet of guardian spirit
 t - an amulet of reflection (around neck)
Scrolls
 j - a scroll of immolation
 s - a scroll of enchant weapon {unknown}
Potions
 d - 2 potions of haste
 e - a potion of curing
 h - a potion of attraction {unknown}
 i - a potion of brilliance {unknown}
 k - 3 potions of heal wounds
 p - a potion of resistance {unknown}
 r - a potion of mutation {unknown}


   Skills:
 + Level 3.0 Fighting
 + Level 4.0 Maces & Flails
 + Level 3.2 Dodging
 + Level 1.2 Stealth
 + Level 0.1 Shields


You had 3 spell levels left.
You didn't know any spells.
Your spell library contained the following spells:

 Spells                   Type           Power      Damage    Failure   Level
 Animate Skeleton         Necr           0%         N/A       45%         1
 Apportation              Tloc           0%         N/A       45%         1
 Summon Small Mammal      Summ           0%         N/A       45%         1


Dungeon Overview and Level Annotations

Branches:
Dungeon (4/15)
 Temple: D:4-7

Altars:
Gozag
Yredelemnul

Annotations:
D:4 Natasha


Innate Abilities, Weirdness & Mutations

You are too large for most types of armour.
You have claws for hands.
Your natural rate of healing is unusually fast.
You are covered in fur. (AC +1)
You have tough skin. (AC +1)


Message History

Found a stone staircase leading down and a stone staircase leading up.
There is a stone staircase leading up here.
The howler monkey howls!
Natasha hisses angrily.
You sock the howler monkey!
The howler monkey is heavily wounded.
Natasha casts a spell at you. The magic dart hits you!
You block the howler monkey's attack. Natasha casts a spell at you.
The magic dart hits you.
You hit the howler monkey.
The howler monkey is severely wounded.
The howler monkey barely misses you. x2
You hit the howler monkey.
The howler monkey is almost dead.
You block the howler monkey's attack.
Natasha casts a spell.
You hit the howler monkey but do no damage.
The howler monkey is almost dead.
The howler monkey hits you.
Natasha wildly gestures.
Natasha shimmers violently.
The white imp gestures at you. The puff of frost hits you.
The howler monkey barely misses you. You block the howler monkey's attack.
The ogre hits you with a +0 giant club! Natasha barely misses you.
There is a stone staircase leading up here.
The howler monkey barely misses you. The white imp gestures at you.
The puff of frost hits you! Natasha claws you. The ogre closely misses you.
You climb upwards.
The white imp disappears in a puff of smoke!
There is a stone staircase leading down here.
You block the howler monkey's attack. Natasha claws you!
* * * LOW HITPOINT WARNING * * *
You climb downwards.
There is a stone staircase leading up here.
You hit Natasha.
Natasha is moderately wounded.
You block the howler monkey's attack. The ogre hits you with a +0 giant club!
You die...

.. #...#
..###...####
...<$......#
...........
.....(..)
#...>.#
...#...O.#####.#
!..?..h@h......#
####.#.#.#######
#............
#############


You could see an ogre, a howler monkey and Natasha.

Vanquished Creatures
  An iguana (D:3)
  Terence (D:2)
  Robin (D:2)
  2 worms
  A dart slug (D:3)
  8 ball pythons
  3 endoplasms
  A giant cockroach (D:3)
  10 goblins
  9 hobgoblins
  7 jackals (D:1)
  2 quokkas
  7 bats
  3 kobolds
  5 rats
61 creatures vanquished.

Vanquished Creatures (others)
  A kobold (D:3)
1 creature vanquished.

Grand Total: 62 creatures vanquished

Notes
Turn   | Place    | Note
-------+----------+-------------------------------------------
     0 | D:1      | issech the Troll Monk began the quest for the Orb.
     0 | D:1      | Reached XP level 1. HP: 22/22 MP: 0/0
   126 | D:1      | Reached XP level 2. HP: 29/29 MP: 1/1
   317 | D:1      | Reached skill level 3 in Maces & Flails
   544 | D:1      | Found a faded altar of an unknown god.
   746 | D:1      | Reached XP level 3. HP: 34/36 MP: 2/2
   979 | D:2      | Noticed Robin
   999 | D:2      | Killed Robin
  1102 | D:2      | You fall into a shaft and drop 1 floor!
  1260 | D:2      | Noticed Terence
  1271 | D:2      | Killed Terence
  1272 | D:2      | Reached XP level 4. HP: 21/44 MP: 3/3
  2010 | D:3      | Found a basalt altar of Yredelemnul.
  2118 | D:3      | Reached skill level 4 in Maces & Flails
  2464 | D:3      | Found an opulent altar of Gozag.
  2717 | D:4      | Noticed Natasha
  2717 | D:4      | Noticed an ogre
  2731 | D:4      | Slain by an ogre

Illustrated notes

Levels and vault maps discovered:
D:1:      dpeg_arrival_fog, layout_basic, serial_rivers,
          chequers_serial_rivers_small_b, chequers_serial_rivers_micro_b,
          chequers_serial_rivers_micro_d, chequers_serial_rivers_room_a,
          chequers_serial_rivers_micro_c, chequers_serial_rivers_micro_d,
          hellmonk_ecumenical_altar_blasted
D:2:      layout_loops_ring, uniq_robin, uniq_terence
D:3:      layout_loops_ring, mainiacjoe_overflow_concentric_impassable,
          nicolae_overflow_hidden_temple
D:4:      layout_loops_ring, kennysheep_little_box, minmay_temple_entry_fiery,
          dk_noncrumbling_4, uniq_natasha

Skill      XL: |  1  2  3  4 |
---------------+-------------+-----
Maces & Flails | 3 4 |  4.0
Dodging        | 3 |  3.2
Fighting       | 3 |  3.0
Stealth        | |  1.2
Shields        | |  0.1

Action                   |  1- 3 |  4- 6 || total
-------------------------+-------+-------++-------
Melee: Mace              |   161 |    66 ||   227
       Punch             |     4 |     2 ||     6
  Use: Scroll            |     2 |     3 ||     5
Armor: Robe              |    75 |    24 ||    99
Dodge: Dodged            |   107 |    39 ||   146
Block: Other             |       |    15 ||    15
       Reflection        |       |     3 ||     3

Table legend: (Time is in decaauts)
 A = Elapsed time spent in this place.
 B = Non-inter-level travel time spent in this place.
 C = Inter-level travel time spent in this place.
 D = Time resting spent in this place.
 E = Time spent auto-exploring this place.
 F = Levels seen in this place.
 G = Mean time per level.
                   A        B        C        D        E       F      G
               +--------+--------+--------+--------+--------+-----+--------+
         Total |   2789 |   2524 |    265 |     19 |   1525 |   4 |  697.2 |
       Dungeon |   2789 |   2524 |    265 |     19 |   1525 |   4 |  697.2 |
               +--------+--------+--------+--------+--------+-----+--------+

Top non-repeatable levels by time:
     D:3: 1093 daAuts
     D:1: 955 daAuts
     D:2: 727 daAuts
     D:4: 13 daAuts
